 Dungeon Crawl Stone Soup version 0.13-b1-23-g6bc71ad (webtiles) character file.

219 Kae the Firebug (level 4, 0/24 HPs)
             Began as a Tengu Fire Elementalist on Oct 1, 2013.
             Was a Follower of Vehumet.
             Slain by a gnoll
             ... wielding a +1,+2 flail of draining
              (15 damage)
             ... on Level 2 of the Dungeon.
             The game lasted 00:05:20 (2353 turns).

Kae the Firebug (Tengu Fire Elementalist)           Turns: 2353, Time: 00:05:20

HP   0/24        AC  2     Str  9      XL: 4   Next: 68%
MP   6/9         EV 12     Int 16      God: Vehumet [*.....]
Gold 122         SH  0     Dex 14      Spells:  3 memorised,  1 level left

Res.Fire  : . . .   See Invis. : .   o - +0 short sword
Res.Cold  : . . .   Warding    : .   a - +0 robe
Life Prot.: . . .   Conserve   : .   (no shield)
Res.Poison: .       Res.Corr.  : .   (helmet restricted)
Res.Elec. : .       Clarity    : .   (no cloak)
Sust.Abil.: . .     Spirit.Shd : .   (no gloves)
Res.Mut.  : .       Stasis     : .   (boots unavailable)
Res.Rott. : .       Flight     : .   (no amulet)
Saprovore : . . .                    (no ring)
                                     (no ring)

@: very slightly contaminated, drained, slightly resistant to hostile
enchantments, fairly stealthy
A: beak, talons 3
a: Renounce Religion


You were on level 2 of the Dungeon.
You worshipped Vehumet.
Vehumet was aware of your devotion.
You were very hungry.

You visited 1 branch of the dungeon, and saw 3 of its levels.

You collected 102 gold pieces.

Inventory:

Hand weapons
 o - a +0,+0 short sword (weapon)
Missiles
 m - 32 darts (quivered)
Armour
 a - a +0 robe (worn)
Comestibles
 c - 2 bread rations
Scrolls
 f - a scroll of identify {unknown}
 g - a scroll of fog {unknown}
 h - 2 scrolls of enchant weapon II {unknown}
 l - 2 scrolls of remove curse {unknown}
 n - a scroll of teleportation {unknown}
 r - a scroll of enchant armour {unknown}
 s - a scroll of enchant weapon I {unknown}
 t - a scroll of random uselessness {unknown}
 v - a scroll of fear {unknown}
Jewellery
 e - a cursed ring of teleportation {unknown}
 w - a cursed amulet of resist corrosion {unknown}
Potions
 d - a potion of mutation {unknown}
 i - a potion of curing {unknown}
 j - 2 potions of restore abilities {unknown}
 k - a potion of might {unknown}
 p - a potion of beneficial mutation {unknown}
Books
 b - a book of Flames

   Spells                             Type                      Level
   *Flame Tongue                      Conjuration/Fire             1
   *Throw Flame                       Conjuration/Fire             2
   *Conjure Flame                     Conjuration/Fire             3
   Inner Flame                        Hexes/Fire                   3
   Sticky Flame                       Conjuration/Fire             4
   Fireball                           Conjuration/Fire             5
 u - a book of Party Tricks

   Spells                             Type                      Level
   Summon Butterflies                 Summoning                    1
   Apportation                        Translocation                1
   Blink                              Translocation                2
   Alistair's Intoxication            Transmutation/Poison         4
   Tukima's Dance                     Hexes                        5


   Skills:
 - Level 2.1(1.8) Dodging
 - Level 2.0(1.7) Stealth
 + Level 2.1(1.8) Spellcasting
 + Level 3.9(3.6) Conjurations
 + Level 4.1(3.8) Fire Magic


You had one spell level left.
You knew the following spells:

 Your Spells              Type           Power        Failure   Level  Hunger
a - Flame Tongue          Conj/Fire      ##...        6%          1    ##.....
b - Throw Flame           Conj/Fire      ##....       10%         2    ###....
c - Conjure Flame         Conj/Fire      ##......     14%         3    ####...


Dungeon Overview and Level Annotations

Branches:
Dungeon (3/27)

Altars:
Vehumet


Innate Abilities, Weirdness & Mutations

You have a beak for a mouth.
You have claws for feet.


Message History

The gnoll hits you with a glowing flail.
You feel drained.
Casting: Flame Tongue
Confirm with . or Enter, or press ? or * to list all spells.
Aiming: Flame Tongue
Press: ? - help, Shift-Dir - straight line, f/p - gnoll
Aim: a gnoll, wielding a flail of draining (heavily wounded)
You miscast Flame Tongue.
You are very lightly contaminated with residual magic.
Nothing appears to happen.
The gnoll barely misses you.
Casting: Flame Tongue
Confirm with . or Enter, or press ? or * to list all spells.
Aiming: Flame Tongue
Press: ? - help, Shift-Dir - straight line, f/p - gnoll
Aim: a gnoll, wielding a flail of draining (heavily wounded)
The flame hits the gnoll.
The gnoll appears unharmed.
The gnoll is heavily wounded.
The gnoll hits you with a flail of draining!
Ouch! That really hurt!
You die...

#..###...###.#.######### #..#
##...........<....#
#..#########)#########.#
#..............# #.##########
#...########.#.# #...........
#...########.#.# #.##########
#.........##.#.# #......#
.............#.#######.####.#####
#...#####......)@................
##..# ######..g......####..####
##%.# #..######.# #...... ##.%#
#..# #.# #.#.### ##..# #..# #.#
#.#.# ##..##########..#
#.####.#.### #............).#
#........... #..............#
########.##. #..#############
#.##.


You could see a gnoll.

Vanquished Creatures
  2 gnolls
  An adder (D:3)
  A giant mite (D:1)
  A worm (D:2)
  2 giant geckos (D:2)
  A ball python (D:1)
  5 giant cockroaches
  4 goblins
  6 hobgoblins
  7 jackals
  9 kobolds
  4 bats
  4 giant newts
  5 rats
52 creatures vanquished.

Notes
Turn   | Place    | Note
--------------------------------------------------------------
     0 | D:1      | Kae, the Tengu Fire Elementalist, began the quest for the Orb.
     0 | D:1      | Reached XP level 1. HP: 10/10 MP: 3/3
   185 | D:1      | Reached XP level 2. HP: 15/15 MP: 5/5
   648 | D:1      | Reached XP level 3. HP: 19/19 MP: 1/7
  1001 | D:2      | Found a radiant altar of Vehumet.
  1025 | D:2      | Became a worshipper of Vehumet
  1029 | D:2      | Learned a level 2 spell: Throw Flame
  1347 | D:2      | Reached XP level 4. HP: 24/24 MP: 0/8
  1741 | D:3      | Reached skill level 4 in Fire Magic
  1810 | D:3      | Learned a level 3 spell: Conjure Flame
  1922 | D:2      | Acquired Vehumet's first power
  1922 | D:2      | Offered knowledge of Freeze by Vehumet.
  2353 | D:2      | Slain by a gnoll

Action                   |  1- 3 |  4- 6 || total
-------------------------+-------+-------++-------
Melee: Unarmed           |    34 |       ||    34
       Short sword       |     1 |       ||     1
 Cast: Flame Tongue      |    71 |    27 ||    98
       Conjure Flame     |       |     1 ||     1
